Map: Sito di ricerca JD-2

Players

Frixion

  • Race: Protoss Protoss
  • League: Platinum
  • Spawn Location: 12:00

mege

  • Race: Terran Terran
  • Spawn Location: 3:00

TOPALOVBG

  • Race: Zerg Zerg
  • Spawn Location: 12:00

Tossunalla

  • Race: Protoss Protoss
  • Spawn Location: 1:00

Jhyrachy

  • Race: Zerg Zerg
  • League: Silver
  • Spawn Location: 6:00

YoungJae

  • Race: Zerg Zerg
  • League: Diamond
  • Spawn Location: 7:00

IIIIIIIIIIII

  • Race: Zerg Zerg
  • League: Platinum
  • Spawn Location: 7:00

iMHOTEP

  • Race: Terran Terran
  • Spawn Location: 6:00

VOD

Have the link to the VOD?

Description

Time

  • Played on: March 26, 2016, 4:13 p.m.
  • Length: 14:39
Show
View Real Time Build Order
Export as new Build Order

Frixion Protoss 

Build Orders: 1 Gate Expand 

Get SALT Encoding   

  12  0:01  Probe (Chrono Boost)  
  13  0:11  Probe (Chrono Boost)  
  14  0:18  Pylon  
  14  0:22  Probe (Chrono Boost)  
  15  0:36  Probe (Chrono Boost)  
  15  0:38  Gateway  
  16  0:44  Assimilator  
  16  0:47  Probe (Chrono Boost)  
  17  0:58  Probe (Chrono Boost)  
  18  1:08  Probe (Chrono Boost)  
  19  1:24  Nexus  
  19  1:35  Cybernetics Core  
  19  1:38  Probe (Chrono Boost)  
  20  1:43  Assimilator  
  20  1:49  Probe (Chrono Boost)  
  20  1:53  Pylon  
  21  1:59  Probe (Chrono Boost)  
  22  2:11  Adept (Chrono Boost)  
  26  2:16  Mothership Core (Chrono Boost), Warp Gate  
  26  2:30  Robotics Facility  
  26  2:34  Probe (Chrono Boost)  
  27  2:38  Adept (Chrono Boost)  
  27  2:43  Probe  
  29  2:45  Probe  
  31  2:53  Probe  
  31  2:57  Pylon  
  31  2:58  Probe  
  33  3:04  Adept (Chrono Boost)  
  35  3:15  Twilight Council  
  36  3:20  Observer  
  36  3:28  Adept (Chrono Boost)  
  36  3:30  Probe  
  36  3:32  Probe  
  40  3:43  Gateway  
  40  3:46  Gateway  
  40  3:47  Warp Prism  
  40  3:54  Resonating Glaives (Chrono Boost)  
  42  4:02  Probe  
  42  4:03  Probe  
  44  4:14  Probe  
  44  4:15  Probe  
  40  4:43  Adept x2  
  42  4:46  Adept  
  42  4:51  Mothership Core  
  42  5:11  Gateway x2  
  42  5:12  Gateway  
  42  5:16  Probe x2  
  42  5:17  Pylon  
  42  5:19  Pylon  
  44  5:25  Adept x2  
  44  5:26  Adept  
  44  5:28  Probe  
  51  5:29  Probe  
  46  5:50  Blink (Chrono Boost)  
  46  5:51  Stalker  
  46  5:52  Stalker x2  
  50  6:08  Stalker x3  
  56  6:27  Stalker x2  
  56  6:28  Stalker  
  62  6:43  Stalker x3  
  68  7:02  Pylon  
  68  7:04  Stalker  
  68  7:05  Pylon  
  68  7:07  Assimilator  
  58  7:16  Assimilator, Probe x2  
  60  7:28  Stalker x4  
  68  7:33  Probe x2  
  70  7:43  Stalker x2  
  72  7:58  Stalker x2  
  72  7:59  Stalker  
  72  8:04  Probe x2  
  80  8:12  Stalker x2  
  82  8:15  Stalker  
  86  8:24  Pylon  
  86  8:26  Pylon  
  86  8:28  Pylon  
  86  8:37  Warp Prism  
  86  8:42  Probe  
  86  8:47  Stalker  
  86  8:48  Stalker x5  
  97  8:53  Nexus  
  99  9:39  Stalker x5  
  103  9:56  Pylon  
  103  9:58  Pylon  
  103  9:59  Pylon  
  103  10:03  Stalker x3  
  109  10:24  Stalker  
  109  10:25  Stalker x2  
  115  10:41  Stalker x3  
  117  10:49  Zealot  
  113  10:50  Zealot x2  
  116  11:08  Stalker x3  
  120  11:19  Forge  
  120  11:21  Forge  
  104  11:34  Probe  
  104  11:35  Probe x2  
  104  11:36  Stalker x3  
  104  11:37  Stalker x3  
  109  12:13  Observer  
  106  12:21  Stalker x5  
  106  12:22  Stalker  
  118  12:42  Robotics Bay, Observer  
  119  12:57  Stalker x3  
  119  12:58  Stalker x3  
  129  13:05  Probe  
  131  13:06  Probe x2  
  130  13:46  Stalker x2  
  130  13:47  Stalker x4  
  146  14:19  Assimilator  
  146  14:23  Assimilator  
  138  14:39  Stalker x4  
Show
View Real Time Build Order
Export as new Build Order

mege Terran 

Build Orders: MMM Bio 

Get SALT Encoding   

  12  0:02  SCV  
  13  0:14  SCV  
  13  0:18  Supply Depot  
  14  0:26  SCV  
  15  0:40  SCV  
  16  0:43  Barracks  
  16  0:52  SCV  
  17  1:00  Barracks  
  17  1:04  SCV  
  18  1:30  Command Center  
  18  1:32  Marine  
  19  1:46  Engineering Bay  
  19  1:50  Marine  
  20  1:54  Orbital Command  
  20  2:03  Marine  
  20  2:08  Marine  
  22  2:19  Missile Turret  
  22  2:21  Marine  
  23  2:36  Barracks  
  23  2:41  Marine x2, SCV  
  26  2:59  Marine x2  
  26  3:02  Refinery  
  29  3:12  SCV  
  29  3:16  Supply Depot  
  30  3:24  Refinery  
  30  3:26  Orbital Command  
  29  3:33  Marine  
  29  3:34  Marine  
  30  3:40  SCV  
  32  3:52  SCV  
  32  3:55  Barracks Tech Lab  
  33  4:00  Supply Depot  
  33  4:01  Marine x2  
  35  4:07  SCV x2  
  37  4:19  Marine, SCV x2  
  37  4:20  Marine x2  
  42  4:37  Marine x3  
  45  4:38  Terran Infantry Weapons Level 1  
  45  4:40  Factory  
  42  5:01  Stimpack  
  42  5:04  Marine  
  41  5:08  Barracks Reactor  
  41  5:10  Barracks Reactor  
  41  5:13  SCV x2  
  41  5:25  SCV x2  
  43  5:29  Barracks  
  43  5:30  Barracks  
  43  5:33  Barracks  
  41  5:37  SCV x2, Factory Tech Lab  
  43  5:49  Missile Turret, SCV  
  45  5:50  SCV  
  45  5:51  Marine x2  
  45  5:52  Armory  
  47  6:01  SCV  
  48  6:12  Marine x3  
  51  6:23  Marine x2  
  51  6:25  Supply Depot  
  54  6:27  Barracks Reactor  
  54  6:29  Barracks Reactor  
  54  6:32  Supply Depot  
  53  6:37  Marine  
  54  6:46  Marine x2  
  56  6:52  Marine x3  
  59  7:02  Combat Shields  
  59  7:10  Marine x3  
  62  7:19  Marine  
  62  7:20  Marine x5  
  62  7:22  Marine  
  52  7:28  Terran Infantry Armor Level 1, Marine x3  
  53  7:30  Supply Depot  
  53  7:31  SCV x2  
  55  7:37  Command Center, Marine  
  62  7:54  Siege Tank  
  62  7:56  Marine  
  62  7:57  Marine  
  61  8:00  Supply Depot  
  61  8:06  Armory  
  61  8:08  SCV  
  62  8:12  Marine  
  62  8:13  Marine x3  
  62  8:14  Refinery, Marine  
  62  8:15  Marine  
  67  8:40  Marine  
  67  8:41  Marine x5  
  73  8:54  Starport  
  73  9:04  Marine x7  
  73  9:05  Marine x2  
  78  9:20  Marine  
  78  9:21  Marine  
  78  9:22  Marine x5  
  78  9:23  Marine  
  67  9:30  Starport  
  65  9:38  Marine  
  65  9:39  Marine x2  
  65  9:40  Marine x4  
  65  9:41  Terran Infantry Weapons Level 2  
  72  9:49  Marine  
  72  9:50  Marine  
  74  9:53  Engineering Bay  
  74  9:55  Medivac x2  
  78  10:03  Marine x4  
  82  10:09  Marine  
  82  10:10  Marine x3  
  65  10:23  Command Center  
  65  10:25  Medivac  
  51  10:29  Marine x3  
  51  10:30  Marine x3  
  54  10:40  Marine x3  
  51  10:47  Marine  
  51  10:48  Marine  
  54  10:58  Marine x3  
  53  11:05  Marine  
  53  11:06  Marine  
  53  11:09  Siege Tank  
  56  11:15  Marine  
  56  11:16  Marine  
  54  11:23  Marine  
  54  11:24  Marine  
  53  11:33  Marine x2  
  55  11:40  Marine  
  55  11:42  Marine  
  57  11:47  Starport Reactor  
  57  11:48  Barracks x2  
  57  11:50  Barracks  
  57  11:51  Marine x2, Barracks  
  57  11:53  Barracks  
  59  11:58  Marine  
  59  11:59  Marine  
  61  12:09  Marine x2  
  63  12:16  Marine  
  64  12:37  Marine x2  
  66  12:54  Marine x2  
  66  12:55  Marine  
  69  13:00  SCV x2  
  69  13:01  SCV  
  72  13:11  Marine  
  72  13:12  Marine x2  
  75  13:13  Marine  
  70  13:53  Marine x4  
  70  13:55  Medivac x4  
  79  14:10  Marine  
  79  14:11  Barracks Reactor x3, Marine x3  
  79  14:12  Barracks Tech Lab  
  83  14:24  Missile Turret  
  85  14:36  Refinery  
Show
View Real Time Build Order
Export as new Build Order

TOPALOVBG Zerg 

Build Orders: Pool First 

Get SALT Encoding   

  12  0:04  Drone  
  13  0:12  Overlord  
  13  0:31  Drone  
  13  0:32  Drone x2  
  16  0:42  Drone  
  17  0:49  Spawning Pool  
  16  0:51  Extractor  
  16  0:54  Drone  
  16  1:04  Drone  
  17  1:16  Drone  
  18  1:37  Hatchery  
  18  1:38  Zergling x4  
  19  1:47  Queen  
  19  1:49  Zergling x2  
  22  1:55  Metabolic Boost  
  22  2:10  Overlord  
  22  2:33  Zergling x6  
  24  2:49  Zergling x2  
  24  2:50  Zergling x2  
  26  2:55  Zergling x2  
  27  3:13  Drone  
  27  3:14  Drone x2  
  27  3:15  Queen  
  27  3:17  Overlord  
  32  3:21  Lair  
  30  3:44  Zergling x12  
  36  3:51  Extractor  
  35  3:57  Baneling Nest  
  35  3:58  Drone x2  
  36  4:09  Overlord x2  
  20  4:32  Zergling x12  
  20  4:33  Zergling x6  
  28  4:46  Zergling x4  
  29  5:15  Drone  
  29  5:16  Drone x5  
  35  5:22  Queen  
  37  5:32  Hydralisk Den  
  36  5:42  Baneling x4  
  36  5:43  Baneling x4  
  36  5:46  Zergling x10  
  36  5:47  Zergling x2  
  42  5:57  Spine Crawler  
  36  6:27  Overlord x2  
  24  6:45  Zergling x16  
  28  6:58  Hydralisk  
  28  7:01  Spore Crawler x2  
  24  7:09  Baneling x4  
  19  7:31  Drone x3  
  22  7:44  Zergling x2  
  23  7:55  Drone  
  24  8:01  Centrifical Hooks  
  24  8:03  Baneling x2  
  24  8:05  Zergling x2  
  25  8:26  Hatchery  
  24  8:34  Zergling x2  
  24  8:35  Zergling x2  
  24  8:36  Baneling x2  
  26  8:51  Queen  
  28  8:56  Zergling x4  
  30  9:10  Baneling x2  
  30  9:11  Baneling x2  
  22  9:47  Drone x4  
  22  9:49  Drone  
  22  9:50  Baneling  
  22  9:51  Baneling x3  
  27  9:59  Queen  
  29  10:06  Muscular Augments  
  29  10:16  Zergling x8  
  31  10:27  Zergling x10  
  36  10:32  Spine Crawler  
  24  10:49  Baneling  
  22  10:50  Baneling x6  
  21  11:05  Drone  
  21  11:06  Drone x5  
  27  11:38  Baneling x2  
  27  11:39  Zergling x12  
  33  11:52  Extractor x2  
  31  11:59  Hatchery  
  25  12:28  Zergling x10  
  25  12:29  Zergling x6  
  28  12:35  Queen  
  30  12:45  Drone x3  
  33  12:56  Overseer  
  33  13:05  Baneling  
  33  13:06  Baneling x7  
  33  13:10  Drone  
  34  13:15  Drone  
  35  13:22  Drone  
  35  13:25  Drone  
  31  14:08  Hydralisk x2  
  31  14:09  Hydralisk x3  
  40  14:16  Drone x3  
Show
View Real Time Build Order
Export as new Build Order

Tossunalla Protoss 

Build Orders:  

Get SALT Encoding   

  12  0:08  Probe (Chrono Boost)  
  13  0:19  Probe (Chrono Boost)  
  14  0:22  Pylon  
  14  0:38  Probe (Chrono Boost)  
  15  0:44  Forge  
  15  0:50  Gateway  
  15  0:54  Probe (Chrono Boost)  
  16  1:03  Pylon  
  16  1:05  Probe (Chrono Boost)  
  17  1:13  Assimilator  
  17  1:19  Assimilator  
  17  1:27  Photon Cannon  
  17  1:39  Cybernetics Core  
  17  1:47  Photon Cannon  
  17  1:56  Probe (Chrono Boost)  
  18  2:24  Nexus  
  18  2:33  Mothership Core (Chrono Boost)  
  20  2:44  Pylon  
  20  2:52  Probe (Chrono Boost)  
  21  3:02  Probe (Chrono Boost)  
  22  3:09  Pylon  
  22  3:13  Probe (Chrono Boost)  
  23  3:23  Probe (Chrono Boost), Stargate  
  24  3:34  Probe (Chrono Boost)  
  25  3:43  Photon Cannon  
  25  3:44  Probe (Chrono Boost)  
  26  3:52  Stargate  
  26  4:00  Pylon  
  26  4:09  Stargate  
  26  4:15  Probe (Chrono Boost)  
  26  4:16  Probe (Chrono Boost)  
  28  4:22  Assimilator  
  28  4:27  Assimilator  
  28  4:29  Probe (Chrono Boost)  
  29  5:19  Void Ray x3  
  41  5:28  Photon Cannon  
  41  5:52  Probe x2 (Chrono Boost)  
  43  6:02  Void Ray x2  
  51  6:08  Void Ray  
  55  7:33  Void Ray x3  
  69  7:37  Probe x2 (Chrono Boost)  
  69  7:43  Pylon  
  69  7:45  Protoss Shields Level 1  
  69  7:46  Pylon  
  69  7:47  Probe (Chrono Boost)  
  70  7:57  Protoss Air Weapons Level 1 (Chrono Boost)  
  70  8:01  Probe x2  
  72  8:13  Probe x2  
  72  8:18  Pylon  
  74  8:20  Pylon  
  74  8:25  Probe x2, Pylon  
  74  8:26  Pylon  
  76  8:34  Void Ray  
  76  8:35  Void Ray  
  76  8:37  Probe  
  85  8:46  Void Ray  
  89  9:35  Void Ray x3  
  79  11:09  Void Ray x3  
  79  12:02  Void Ray  
  83  12:40  Void Ray  
  83  12:51  Gateway  
  83  12:56  Forge  
  83  13:06  Pylon  
  83  13:09  Pylon  
  83  13:16  Pylon  
  83  13:20  Pylon  
  83  13:24  Void Ray x2  
  91  13:32  Void Ray  
Show
View Real Time Build Order
Export as new Build Order

Jhyrachy Zerg 

Build Orders: Hatch First 

Get SALT Encoding   

  12  0:03  Drone  
  13  0:12  Drone  
  14  0:23  Overlord  
  14  0:44  Drone x3  
  17  0:56  Drone  
  18  0:58  Hatchery  
  17  1:12  Extractor  
  16  1:25  Spawning Pool  
  15  1:40  Drone x3  
  15  1:44  Extractor  
  17  1:58  Drone  
  18  2:10  Drone  
  18  2:12  Drone  
  18  2:14  Queen  
  22  2:16  Queen  
  22  2:19  Drone  
  25  2:30  Drone x2  
  27  2:39  Drone  
  27  2:43  Overlord  
  28  2:45  Overlord  
  28  2:52  Lair  
  28  3:05  Drone  
  29  3:09  Drone x4  
  29  3:12  Extractor  
  32  3:19  Queen  
  32  3:22  Drone x2  
  36  3:39  Drone  
  36  3:40  Drone x5  
  42  3:48  Extractor, Drone  
  42  3:49  Drone  
  43  3:56  Spire  
  42  4:10  Drone  
  42  4:11  Drone  
  44  4:17  Overlord x3  
  44  4:38  Drone x2  
  44  4:39  Drone x2  
  44  4:41  Overlord x2  
  48  5:09  Mutalisk x11  
  70  5:38  Zerg Flyer Weapons Level 1  
  70  5:52  Hatchery  
  47  7:40  Drone x11  
  47  7:41  Drone x5  
  63  7:47  Zerg Flyer Weapons Level 2  
  63  7:57  Extractor  
  62  8:01  Extractor  
  62  8:02  Drone x3  
  62  8:03  Drone  
  62  8:04  Drone x2  
  62  8:05  Drone x2  
  69  8:11  Queen  
  71  8:46  Overlord x3  
  71  8:47  Overlord  
  58  9:02  Mutalisk  
  58  9:03  Mutalisk x7  
  58  9:04  Mutalisk x8  
  58  9:06  Overlord x3  
  58  9:07  Mutalisk  
  92  9:34  Hatchery  
  67  10:00  Mutalisk x9  
  75  10:08  Spore Crawler  
  62  10:25  Spore Crawler  
  54  10:45  Mutalisk x8  
  16  11:29  Spore Crawler  
  16  11:30  Spore Crawler x2  
  16  11:31  Spore Crawler  
  12  11:33  Spore Crawler  
  10  12:45  Spine Crawler  
  9  14:09  Hatchery  
Show
View Real Time Build Order
Export as new Build Order

YoungJae Zerg 

Build Orders: Hatch First 

Get SALT Encoding   

  12  0:01  Drone  
  13  0:11  Drone  
  14  0:23  Overlord  
  14  0:41  Drone x2  
  14  0:42  Drone  
  17  0:53  Hatchery  
  17  0:57  Drone  
  17  1:05  Drone  
  18  1:21  Hatchery  
  17  1:27  Drone x2  
  17  1:30  Extractor  
  18  1:49  Hatchery  
  17  1:57  Drone x2  
  19  2:03  Drone  
  19  2:07  Drone  
  21  2:27  Spawning Pool  
  20  2:30  Drone x2  
  20  2:31  Drone x2  
  24  2:56  Overlord  
  24  3:26  Zergling x2  
  24  3:27  Zergling x22  
  31  3:31  Metabolic Boost  
  36  3:42  Zergling x4  
  36  3:43  Zergling x4  
  40  3:49  Zergling x4  
  40  3:50  Zergling x4  
  44  4:01  Zergling x8  
  48  4:09  Overlord  
  48  4:10  Overlord  
  48  4:17  Overlord  
  48  4:18  Evolution Chamber  
  48  4:21  Evolution Chamber  
  46  4:27  Zergling x6  
  49  4:33  Drone x6  
  55  4:48  Zerg Melee Weapons Level 1  
  55  4:49  Zerg Ground Armor Level 1  
  55  4:58  Drone x5  
  55  5:41  Zergling x6  
  55  5:42  Zergling x18  
  67  5:50  Extractor  
  67  5:52  Extractor  
  67  5:56  Zergling x8  
  68  6:42  Lair  
  35  7:27  Drone  
  35  7:28  Drone x11  
  47  7:41  Hydralisk Den  
  46  7:45  Drone  
  46  7:46  Extractor  
  46  7:47  Drone  
  46  7:48  Drone  
  48  7:52  Drone  
  48  7:53  Drone x2  
  48  7:54  Overlord x2  
  48  7:56  Queen  
  53  8:02  Zerg Missile Weapons Level 1  
  53  8:16  Hydralisk x7, Muscular Augments  
  53  8:17  Hydralisk  
  67  8:36  Hydralisk x4  
  67  8:37  Hydralisk x4  
  83  8:43  Zergling x6  
  83  8:45  Queen  
  88  8:53  Overlord  
  88  8:57  Overlord  
  88  8:58  Overlord x3  
  88  9:07  Queen  
  88  9:11  Zergling x6  
  88  9:12  Zergling x2  
  88  9:15  Hydralisk x4  
  97  9:25  Hydralisk x2  
  97  9:26  Hydralisk x2  
  105  9:40  Hydralisk x2  
  105  9:41  Hydralisk  
  105  9:45  Zergling x8  
  111  10:01  Hydralisk x3  
  90  10:26  Hydralisk x4  
  95  10:40  Hydralisk x3  
  101  10:51  Hydralisk  
  101  10:53  Zergling x2  
  101  10:54  Zergling x20  
  86  11:29  Hydralisk x5  
  86  11:30  Hydralisk x2  
  94  11:40  Hydralisk  
  94  11:45  Hydralisk  
  98  11:59  Hydralisk x3  
  104  12:08  Zergling x10  
  107  12:09  Zergling x6  
  111  12:59  Overlord x5  
  111  13:00  Overlord x2  
  111  13:16  Hydralisk  
  111  13:17  Hydralisk x5  
  111  13:18  Hydralisk x6  
  111  13:19  Hydralisk  
  137  13:28  Hydralisk x2  
  141  13:37  Hydralisk  
  141  13:38  Hydralisk  
  141  13:43  Hydralisk  
  143  14:11  Spore Crawler  
  143  14:13  Spore Crawler  
  141  14:18  Spore Crawler  
  141  14:21  Overlord x5  
Show
View Real Time Build Order
Export as new Build Order

IIIIIIIIIIII Zerg 

Build Orders: Pool First 

Get SALT Encoding   

  12  0:05  Drone  
  13  0:12  Drone  
  14  0:30  Spawning Pool  
  14  0:31  Drone  
  14  0:35  Extractor  
  13  0:37  Drone  
  14  0:52  Overlord  
  14  1:17  Zergling x2  
  14  1:18  Zergling x4, Queen  
  19  1:29  Zergling x2  
  21  1:40  Zergling x2  
  21  1:44  Metabolic Boost  
  21  1:51  Zergling x2  
  21  2:14  Overlord  
  21  2:21  Hatchery  
  20  2:33  Drone x3  
  20  2:34  Drone x2  
  24  2:46  Zergling x2  
  25  3:01  Drone  
  26  3:17  Extractor  
  26  3:18  Drone x2  
  27  3:27  Drone  
  29  3:34  Drone x3  
  29  3:40  Drone, Queen  
  34  3:47  Overlord x2  
  34  3:54  Lair  
  34  4:07  Drone x6  
  34  4:08  Drone  
  40  4:22  Zergling x2  
  40  4:23  Zergling x2  
  41  4:30  Zergling x4  
  42  4:52  Extractor  
  40  5:02  Drone x3  
  40  5:03  Hydralisk Den  
  41  5:21  Overlord  
  41  5:24  Drone x2  
  43  5:29  Hatchery, Extractor  
  43  5:32  Drone x5  
  43  5:33  Drone, Overseer  
  47  5:40  Muscular Augments  
  47  6:01  Hydralisk x2  
  47  6:02  Hydralisk x4  
  58  6:26  Overlord x3  
  55  6:46  Drone, Evolution Chamber  
  55  6:50  Evolution Chamber  
  55  6:53  Hydralisk x6  
  55  6:54  Hydralisk x5  
  76  7:10  Overlord x3  
  76  7:26  Zerg Ground Armor Level 1, Zerg Missile Weapons Level 1  
  76  7:28  Queen  
  78  7:31  Drone x5  
  81  7:55  Drone x3  
  81  7:56  Drone x3  
  85  7:59  Lurker Den  
  85  8:00  Infestation Pit  
  85  8:02  Drone x2  
  85  8:03  Drone x4  
  90  8:10  Drone  
  91  8:25  Drone  
  92  8:32  Roach Warren  
  92  8:33  Drone  
  92  8:37  Extractor  
  91  8:42  Overlord x4  
  91  8:54  Overlord x2  
  91  8:55  Overlord x6  
  91  9:05  Hydralisk  
  91  9:06  Hydralisk x5  
  83  9:35  Zergling x2  
  83  9:36  Zergling x14  
  75  9:40  Hydralisk  
  71  10:02  Zergling x2  
  71  10:03  Zergling x6  
  75  10:09  Hydralisk  
  75  10:10  Hatchery  
  67  10:50  Drone x7  
  67  10:51  Drone x2  
  67  10:54  Zerg Missile Weapons Level 2, Zerg Ground Armor Level 2  
  67  10:55  Hydralisk x3  
  76  11:03  Hydralisk x2  
  79  11:10  Hatchery  
  78  11:15  Hydralisk  
  78  11:16  Hydralisk x3  
  86  11:25  Hydralisk x4  
  94  11:44  Hydralisk x3  
  98  11:54  Zergling x4  
  100  12:01  Lurker  
Show
View Real Time Build Order
Export as new Build Order

iMHOTEP Terran 

Build Orders:  

Get SALT Encoding   

  12  0:01  SCV  
  13  0:13  SCV  
  14  0:24  Supply Depot  
  14  0:25  SCV  
  15  0:45  SCV  
  15  0:47  Barracks  
  16  1:34  Barracks x2  
  16  1:37  Barracks  
  16  1:39  Barracks  
  16  1:40  Barracks  
  16  1:42  Marine  
  17  1:55  Supply Depot  
  17  2:07  Marine  
  18  2:11  SCV  
  19  2:24  Marine  
  19  2:25  Marine x2  
  19  2:26  Marine  
  19  2:29  Marine  
  24  2:33  Marine  
  25  2:42  Supply Depot  
  25  2:44  Marine  
  25  2:47  Marine  
  25  2:51  Marine  
  28  2:58  Marine x2  
  29  3:04  Marine x2  
  32  3:11  Supply Depot  
  32  3:18  Marine x2  
  34  3:31  Marine x2  
  34  3:32  Marine x2  
  38  3:41  Orbital Command  
  38  3:47  Marine  
  39  3:53  Supply Depot  
  33  4:33  Marine  
  33  4:34  Marine x5  
  33  4:51  Marine  
  33  4:52  Marine x5  
  29  5:09  Marine x2  
  29  5:10  Marine x4  
  35  5:15  Supply Depot  
  35  5:27  Marine  
  36  5:32  Marine  
  36  5:33  Marine x4  
  41  5:42  Refinery  
  41  5:45  Marine  
  41  5:48  SCV  
  40  5:50  Marine x2  
  40  5:51  Marine x2  
  44  6:00  SCV  
  45  6:12  SCV  
  45  6:15  Command Center  
  46  6:25  SCV  
  47  6:37  SCV  
  19  7:00  Refinery  
  19  7:01  Barracks Tech Lab  
  19  7:02  SCV  
  19  7:04  Marine x5  
  25  7:14  SCV  
  26  7:22  Marine x2  
  30  7:26  Marauder, SCV  
  30  7:28  Barracks Tech Lab  
  30  7:29  Barracks Tech Lab  
  32  7:33  Barracks Tech Lab  
  31  7:40  Barracks Reactor  
  31  7:46  SCV  
  31  7:50  Engineering Bay  
  32  7:51  Orbital Command  
  32  7:57  Barracks Reactor  
  32  7:58  Marauder, SCV  
  35  8:00  Marauder  
  37  8:12  Supply Depot  
  37  8:16  SCV  
  37  8:19  SCV  
  39  8:20  Marauder x2  
  39  8:23  Marauder  
  45  8:28  SCV  
  45  8:31  Missile Turret, SCV  
  47  8:37  Marauder  
  47  8:39  Marine  
  47  8:40  Marine, SCV  
  52  8:42  Marauder, Marine  
  52  8:45  Concussive Shells  
  52  8:48  Marine  
  56  8:52  SCV  
  57  9:05  Marauder x4  
  65  9:13  Combat Shields  
  43  9:29  Marine  
  43  9:30  Marine x3  
  47  9:47  Marine  
  47  9:48  Marine x3  
  51  10:11  Command Center  
  51  10:19  Marauder x2  
  41  11:18  Refinery  
  41  11:19  Refinery  
  41  11:21  SCV  
  11  11:33  SCV  
  11  11:35  Marine  
  11  11:36  Marine x3  
  16  11:45  SCV  
  17  11:53  Marine  
  17  11:54  Marine x3  
  18  11:57  SCV, Engineering Bay  
  18  11:58  SCV  
  23  12:09  SCV  
  23  12:10  SCV  
  23  12:11  Marine  
  23  12:12  Marine x3  
  29  12:22  SCV  
  17  12:36  Marauder x4  
  24  12:57  Marauder x2  
  24  12:58  Marauder x2  
  32  13:00  SCV  
  34  13:12  SCV  
  34  13:19  Marauder x4  
  39  13:40  Marauder  
  38  13:47  Marine x4  
Tags
 
Add a new tag
Caveats
  • Supply blocks, unpowered buildings, or Contaminate may cause inaccurate times.
  • Supply counts are checked every 10 seconds.